 Dungeon Crawl Stone Soup version 0.29.1-12-g30fa7ad0bf (webtiles) character file.

Game seed: 18400990298643750376

107 hawla the Chiller (level 5, -2/39 HPs)
             Began as a Meteoran Ice Elementalist on Dec 13, 2022.
             Slain by Menkaure (15 damage)
             ... on level 4 of the Dungeon.
             The game lasted 00:04:55 (788 turns).

hawla the Chiller (Meteoran Ice Elementalist)        Turns: 788, Time: 00:04:55

Health: -2/39      AC:  3    Str:  9    XL:     5   Next: 33%
Magic:  8/11       EV: 12    Int: 18    God:
Gold:   60         SH:  0    Dex: 15    Spells: 4/11 levels left

rFire   . . .      SeeInvis .   (no weapon)
rCold   . . .      Faith    .   (no shield)
rNeg    . . .      Spirit   .   a - +0 robe
rPois   .          Reflect  .   h - +0 helmet
rElec   .          Harm     .   (no cloak)
rCorr   .          Rampage  .   (no gloves)
Will    .....                   (no boots)
Stlth   +.........              (no amulet)
HPRegen 0.13/turn               (no ring)
MPRegen 0.12/turn               (no ring)

@: freezing walls, glowing
A: sense surroundings 1, otherworldly, glowing, explore regen
a: no special abilities


You were on level 4 of the Dungeon.
You visited 1 branch of the dungeon, and saw 4 of its levels.

You collected 60 gold pieces.

Inventory:

Armour
 a - a +0 robe (worn)
 h - a +0 helmet (worn)
Scrolls
 i - a scroll of identify {unknown}
Potions
 c - a potion of brilliance {unknown}
 d - a potion of ambrosia {unknown}
 e - 2 potions of curing
 f - a potion of berserk rage {unknown}
 g - a potion of degeneration {unknown}
 j - a potion of mutation {unknown}


   Skills:
 - Level 0.3 Fighting
 - Level 2.5 Dodging
 - Level 1.4 Stealth
 - Level 3.6 Spellcasting
 + Level 1.1 Conjurations
 + Level 1.1 Hexes
 - Level 5.8 Ice Magic


You had 4 spell levels left.
You knew the following spells:

 Your Spells              Type           Power      Damage    Failure   Level
a - Freeze                Ice            96%        1d11      1%          1
b - Frozen Ramparts       Ice            48%        1d8       4%          3
c - Dazzling Flash        Conj/Hex       14%        N/A       28%         3

Your spell library contained the following spells:

 Spells                   Type           Power      Damage    Failure   Level
 Ozocubu's Armour         Ice            24%        N/A       4%          3
 Stone Arrow              Conj/Erth      10%        3d7       36%         3
 Hailstorm                Conj/Ice       15%        3d5       36%         4
 Animate Armour           Summ/Erth      6%         N/A       83%         4
 Silence                  Hex/Air        2%         N/A       98%         5
 Agony                    Necr           3%         N/A       99%         5
 Lehudib's Crystal Spear  Conj/Erth      2%         10d2      100%        8


Dungeon Overview and Level Annotations

Branches:
Dungeon (4/15) Zot: 1611
 Temple: D:4-7

Altars:

Shops:
D:1 =

Annotations:
D:4 Edmund, Menkaure, Robin


Innate Abilities, Weirdness & Mutations

You passively map a small area around you.
You are easily found by Zot.
You glow in the dark.
You regain HP and MP as you explore.


Message History

Your Conjurations skill increases to level 1!
Your Hexes skill increases to level 1!
You see here an adder corpse.
You now have 60 gold pieces (gained 5).
e - 2 potions of curing (gained 1)
Found an escape hatch in the floor.
There is an escape hatch in the floor here.
Menkaure, Prince of Dust comes into view.
Menkaure shouts!
Casting: Freeze (safe; 1% risk of failure)
Confirm with . or Enter, or press ? or * to list all spells.
Casting: Frozen Ramparts (dangerous; 4% risk of failure)
Press: ? - help, Dir - look around, f - activate The walls around you are covered in ice.
Casting: Frozen Ramparts (dangerous; 4% risk of failure)
Confirm with . or Enter, or press ? or * to list all spells.
You can't see any susceptible monsters within range! (Use Z to cast anyway.)
A scorpion comes into view.
Menkaure resists.
The wall freezes Menkaure.
Casting: Frozen Ramparts (dangerous; 4% risk of failure)
Confirm with . or Enter, or press ? or * to list all spells.
You can't see any susceptible monsters within range! (Use Z to cast anyway.)
There are monsters nearby!
You aren't carrying any items that you can evoke.
The wall freezes Menkaure but does no damage.
Menkaure calls on the powers of darkness!
Your body is wracked with pain!
The scorpion convulses!
The wall freezes Menkaure but does no damage.
You hit Menkaure but do no damage.
Menkaure is lightly damaged.
Menkaure resists.
The wall freezes Menkaure.
Menkaure calls on the powers of darkness!
Your body is wracked with pain!
The scorpion convulses!
You hit Menkaure but do no damage.
Menkaure is lightly damaged.
Menkaure resists.
The wall freezes Menkaure.
Menkaure misses you.
You hit Menkaure but do no damage.
Menkaure is lightly damaged.
Menkaure resists.
The wall freezes Menkaure.
Menkaure hits you!
You die...

#.#.# ### * ~ ~~
.#≈ #.#.#
*#####.#* #...#
#.##..# #.###
#....# #.# #.####
#.# #.# # #.#####
#.# # #>....# #.#
#### #.###@# #†#
#... #.# #M# #.#
#... #.#
#.#########.###...
#.#
#.#...............
#.#
#s#.#######.###...
#.# #.#.# #.# #...
#.# #.#.# #.###...
, #.#.# #.......
,#.# ########


You could see Menkaure and a scorpion.

Vanquished Creatures
  An iguana (D:4)
  3 adders
  4 orcs (D:3)
  A ball python (D:4)
  A bat (D:1)
  2 endoplasms
  A giant cockroach (D:4)
  9 goblins
  12 hobgoblins
  2 jackals (D:2)
  A kobold (D:4)
  2 quokkas
  A frilled lizard (D:1)
  3 rats
43 creatures vanquished.

Notes
Turn   | Place    | Note
-------+----------+-------------------------------------------
     0 | D:1      | hawla the Meteoran Ice Elementalist began the quest for the
                  | Orb.
     0 | D:1      | Reached XP level 1. HP: 14/14 MP: 5/5
    18 | D:1      | Found Ycytu's Jewellery Shop.
    53 | D:1      | Reached XP level 2. HP: 20/20 MP: 4/6
   160 | D:1      | Reached skill level 5 in Ice Magic
   263 | D:2      | Reached XP level 3. HP: 20/26 MP: 1/8
   267 | D:2      | Learned a level 3 spell: Frozen Ramparts
   368 | D:3      | Reached XP level 4. HP: 22/33 MP: 5/9
   422 | D:4      | Noticed Edmund
   563 | D:4      | Noticed a scorpion
   569 | D:4      | Noticed Robin
   622 | D:4      | Reached XP level 5. HP: 38/39 MP: 6/11
   626 | D:4      | Learned a level 3 spell: Dazzling Flash
   710 | D:4      | Reached skill level 1 in Conjurations
   710 | D:4      | Reached skill level 1 in Hexes
   779 | D:4      | Noticed Menkaure
   788 | D:4      | Slain by Menkaure

Illustrated notes

Levels and vault maps discovered:
D:1:      tarquinn_simple_flora_water_f, layout_loops_ring, serial_shops,
          nicolae_shop_advertising_works [nicolae_subvault_shop_adworks],
          minmay_crystal_water
D:2:      kennysheep_big_flooded_room, layout_basic, basic_altar
D:3:      layout_basic, nicolae_yredelemnul_corpse_copse, serial_shops,
          nicolae_shop_bloodbath_and_beyond
D:4:      minmay_diamond_boxcup, layout_loops_ring,
          minmay_temple_entry_poolview, uniq_menkaure, uniq_edmund,
          uniq_crazy_yiuf_cottage, uniq_robin

Skill      XL: |  1  2  3  4  5 |
---------------+----------------+-----
Ice Magic      | 5 |  5.8
Spellcasting   | 3 |  3.6
Conjurations   | 1 |  1.1
Hexes          | 1 |  1.1
Fighting       | |  0.3
Dodging        | |  2.5
Stealth        | |  1.4

Action                   |  1- 3 |  4- 6 || total
-------------------------+-------+-------++-------
Melee: Unarmed           |     5 |     9 ||    14
 Cast: Freeze            |    25 |    15 ||    40
       Frozen Ramparts   |     3 |    10 ||    13
       Dazzling Flash    |       |     1 ||     1
  Use: Scroll            |     1 |     3 ||     4
       Potion            |       |     2 ||     2
Armor: Robe              |     4 |     9 ||    13
Dodge: Dodged            |     5 |    14 ||    19
